 Dungeon Crawl Stone Soup version 0.29.0-5-ge4962eb29e (webtiles) character file.

Game seed: 17998685419753713487

232226 quinnr the Devastator (level 19, -13/114 (120) HPs)
             Began as a Tengu Conjurer on Aug 28, 2022.
             Was an Elder of Sif Muna.
             Mangled by a culicivora (19 damage)
             ... on level 4 of the Spider Nest.
             The game lasted 03:43:13 (82313 turns).

quinnr the Devastator (Tengu Conjurer)             Turns: 82313, Time: 03:43:14

HP:   -13/114 (120) AC:  9    Str:  8    XL:     19   Next: 53%
MP:   27/36         EV: 23    Int: 24    God:    Sif Muna [****..]
Gold: 3777          SH:  0    Dex: 15    Spells: 3/43 levels left

rFire   + + .      SeeInvis .   J - staff of poison {!a}
rCold   . . .      Faith    .   j - +3 buckler {reflect}
rNeg    . . .      Spirit   .   L - +2 robe {Will+}
rPois   +          Reflect  +   (helmet restricted)
rElec   +          Harm     .   l - +2 cloak
rCorr   +          Rampage  .   t - +2 pair of gloves
Will    +++..                   (boots unavailable)
Stlth   ++........              c - amulet of the acrobat
HPRegen 0.29/turn               R - ring of resist corrosion
MPRegen 0.25/turn               U - ring "Wuadau Jucoe" {rElec rF++ Will+}

@: confused, flying quickly and evasively, studying 2 skills, drained, quick
A: beak, talons 3, nimble flight, deformed body
}: 1/15 runes: decaying
a: Renounce Religion, Channel Magic, Forget Spell, Divine Exegesis


You were on level 4 of the Spider Nest.
You worshipped Sif Muna.
Sif Muna was greatly pleased with you.
You visited 6 branches of the dungeon, and saw 31 of its levels.
You also visited: Bailey.

You collected 4346 gold pieces.
You spent 569 gold pieces at shops.


Innate Abilities, Weirdness & Mutations

You have a beak for a mouth.
You have claws for feet.
Your magical nature lets you fly swiftly and evasively.
Armour fits poorly on your strangely shaped body.


   Skills:
 + Level 13.6 Fighting
 - Level 5.0 Armour
 - Level 15.0 Dodging
 + Level 9.9 Stealth
 - Level 4.0 Shields
 + Level 12.8 Spellcasting
 + Level 18.7 Conjurations
 + Level 9.4 Hexes
 - Level 6.0 Transmutations
 - Level 5.0 Ice Magic
 + Level 9.1 Air Magic
 - Level 4.0 Poison Magic
 + Level 7.0 Invocations


You had 3 spell levels left.
You knew the following spells:

 Your Spells              Type           Power      Damage    Failure   Level
b - Orb of Destruction    Conj           40%        9d11      1%          7
c - Mephitic Cloud        Conj/Pois/Air  79%        N/A       1%          3
d - Dazzling Flash        Conj/Hex       100%       N/A       1%          3
f - Fulminant Prism       Conj/Hex       35%        3d18      1%          4
g - Freezing Cloud        Conj/Ice/Air   30%        6-21      1%          5
i - Irradiate             Conj/Tmut      32%        3d22      1%          5
l - Lightning Bolt        Conj/Air       35%        1d53      1%          5
m - Magic Dart            Conj           100%       1d8       0%          1
s - Searing Ray           Conj           100%       2d8       0%          2
w - Slow                  Hex            100%       N/A       1%          1
X - Iskenderun's Mystic   Conj/Tloc      57%        2d12      1%          4

Your spell library contained the following spells:

 Spells                   Type           Power      Damage    Failure   Level
 Shock                    Conj/Air       100%       1d9       0%          1
 Foxfire                  Conj/Fire      100%       2x1d9     1%          1
 Sting                    Tmut/Pois      100%       1d8       1%          1
 Poisonous Vapours        Pois/Air       100%       N/A       1%          2
 Confusing Touch          Hex            57%        N/A       1%          3
 Conjure Flame            Conj/Fire      57%        6-21      1%          3
 Spider Form              Tmut/Pois      56%        N/A       1%          3
 Stone Arrow              Conj/Erth      100%       3d13      1%          3
 Swiftness                Air            56%        N/A       1%          3
 Passwall                 Tmut/Erth      24%        N/A       2%          2
 Inner Flame              Hex/Fire       38%        N/A       2%          3
 Ignite Poison            Fire/Tmut/Pois 47%        N/A       3%          3
 Necrotise                Necr           60%        1d7       4%          1
 Sandblast                Erth           30%        2d9       4%          1
 Call Imp                 Summ           15%        N/A       8%          2
 Sublimation of Blood     Necr           15%        N/A       8%          2
 Gell's Gravitas          Tloc           15%        N/A       16%         3
 Vampiric Draining        Necr           15%        2d7       16%         3
 Airstrike                Air            28%        2d(4-20)  1%          4
 Flame Wave               Conj/Fire      57%        2d14      1%          4
 Hailstorm                Conj/Ice       64%        3d14      1%          4
 Sticky Flame             Conj/Fire      57%        2d7       1%          4
 Conjure Ball Lightning   Conj/Air       35%        3x3d11    2%          6
 Silence                  Hex/Air        28%        N/A       3%          5
 Ice Form                 Ice/Tmut       41%        N/A       5%          4
 Yara's Violent Unravell  Hex/Tmut       25%        3d11      6%          5
 Anguish                  Hex/Necr       19%        N/A       7%          4
 Leda's Liquefaction      Hex/Erth       19%        N/A       7%          4
 Olgreb's Toxic Radiance  Pois           51%        N/A       10%         4
 Blade Hands              Tmut           22%        N/A       12%         5
 Petrify                  Tmut/Erth      29%        N/A       14%         4
 Iron Shot                Conj/Erth      28%        9d6       17%         6
 Starburst                Conj/Fire      28%        6d9       17%         6
 Summon Mana Viper        Hex/Summ       38%        N/A       21%         5
 Animate Armour           Summ/Erth      30%        N/A       45%         4
 Passage of Golubria      Tloc           15%        N/A       45%         4
 Enfeeble                 Hex            28%        N/A       65%         7
 Eringya's Noxious Bog    Tmut/Pois      28%        N/A       69%         6
 Agony                    Necr           15%        N/A       80%         5
 Borgnjor's Vile Clutch   Necr/Erth      7%         N/A       80%         5
 Lee's Rapid Deconstruct  Erth           7%         3d8*      80%         5
 Summon Forest            Summ/Tloc      7%         N/A       80%         5
 Statue Form              Tmut/Erth      19%        N/A       92%         6
 Simulacrum               Ice/Necr       13%        N/A       95%         6
 Dragon Form              Tmut           22%        N/A       98%         7
 Summon Cactus Giant      Summ           7%         N/A       100%        6
 Discord                  Hex            28%        N/A       100%        8
 Disjunction              Tloc           7%         N/A       100%        8
 Infestation              Necr           7%         N/A       100%        8
 Lehudib's Crystal Spear  Conj/Erth      28%        10d8      100%        8
 Fire Storm               Conj/Fire      28%        8d7       100%        9
 Polar Vortex             Ice            19%        N/A       100%        9

Inventory:

Hand Weapons
 u - a +5 dagger of draining
 Y - the +5 trident of World's End {freeze, +Blink rF+ rN+ Int+2}
   (You found it on level 5 of the Lair of Beasts)

   It freezes those it strikes, dealing additional cold damage.
   It can also slow down cold-blooded creatures.
   Int:       It affects your intelligence (+2).
   rF:        It protects you from fire.
   rN:        It protects you from negative energy.
   +Blink:    It lets you blink.
Armour
 j - a +3 buckler of reflection (worn)
 l - a +2 cloak (worn)
 t - a +2 pair of gloves (worn)
 L - a +2 robe of willpower (worn)
Magical Staves
 a - a staff of fire {!a}
 A - a staff of conjuration {!a}
 J - a staff of poison (weapon) {!a}
 O - a staff of cold {!a}
 V - a staff of death {!a}
Jewellery
 c - an amulet of the acrobat (around neck)
 s - an amulet of reflection
 v - a ring of see invisible
 C - a ring of protection from cold
 E - a +4 ring of evasion
 R - a ring of resist corrosion (left hand)
 U - the ring "Wuadau Jucoe" (right hand) {rElec rF++ Will+}
   (You acquired it on level 7 of the Dungeon)

   [ring of willpower]

   rF:        It greatly protects you from fire.
   rElec:     It insulates you from electricity.
   Will:      It increases your willpower.
 Z - a ring of wizardry
Wands
 w - a wand of flame (44)
 y - a wand of digging (5)
 G - a wand of charming (7)
 I - a wand of roots (13)
 M - a wand of mindburst (9)
 X - a wand of light (27)
Scrolls
 b - 4 scrolls of enchant armour
 e - 5 scrolls of amnesia
 i - 18 scrolls of teleportation {@r2}
 q - 8 scrolls of poison
 r - 8 scrolls of fog
 x - a scroll of summoning
 D - 2 scrolls of blinking
 H - a scroll of magic mapping
 P - 3 scrolls of immolation
 T - 2 scrolls of fear
Potions
 d - 3 potions of heal wounds {@q2}
 f - 2 potions of magic
 g - 10 potions of curing {@q1}
 h - 6 potions of brilliance
 k - 3 potions of ambrosia
 m - 5 potions of haste {@q3}
 n - 7 potions of lignification
 o - 9 potions of attraction
 z - 3 potions of might
 F - 5 potions of mutation
 K - 2 potions of cancellation
 S - 2 potions of resistance
 W - a potion of invisibility
Miscellaneous
 p - a condenser vane
 B - a phial of floods
 N - a piece from Xom's chessboard (15/15)
 Q - a phantom mirror

Dungeon Overview and Level Annotations

Branches:
Dungeon (15/15)            Temple (1/1) D:7            Lair (5/5) D:9
  Swamp (4/4) Lair:3       Spider (4/4) Lair:3        Slime (0/5) Lair:5
    Orc (2/2) D:9             Elf (0/3) Orc:2        Vaults (0/5) D:14
 Depths (0/4) D:15         Bailey (visited)

Altars:
Ashenzari
Cheibriados
Dithmenos
Elyvilon
Fedhas
Gozag
Hepliaklqana
Kikubaaqudgha
Makhleb
Nemelex Xobeh
Okawaru
Qazlal
Ru
Sif Muna
Trog
Uskayaw
Vehumet
Wu Jian
Xom
Yredelemnul
Zin
The Shining One
Jiyva

Shops:
D:5 (   D:10 *   Orc:1 **   Orc:2 (*=[

Annotations:
D:9 exclusion: downstairs
Swamp:2 exclusion: downstairs
Swamp:4 Hildebrand's ghost, adept MiBe
Spider:1 2 transporters, exclusion: downstairs

#^ ## ##. #^. #. ##### #####^
##.. ##^..# ##..#.. .. #^..
#######....###.^...# ... ##..
###.s#.^#..#..#....##.
..s.##^^^##..sB@....^#...^.#.^#.
..#. #...s^#s##.###^..###..##
...# #....####### ##.##^#..#.
#..##...## ###....^#. #.#...##
#...###^ #...#.# #..##.^.
#^#.#.# #...^#.. #.####.#
#....### ... #.# #..^###†


You could see an orb spider (charged), a culicivora, a pharaoh ant and 2
tarantellas.


Message History

The culicivora barely misses you.
Unknown command.
You closely miss the pharaoh ant. You claw the pharaoh ant.
The pharaoh ant is lightly damaged.
The tarantella misses you. The pharaoh ant misses you.
The culicivora completely misses you. The tarantella closely misses you.
The pharaoh ant closely misses you.
Unknown command.
You bump into the rock wall.
The culicivora bites you!!
The culicivora draws strength from your injuries!
The tarantella closely misses you. The pharaoh ant completely misses you.
Unknown command.
The pharaoh ant attacks as you move away!
The pharaoh ant bites you!!
* * * LOW HITPOINT WARNING * * *
The tarantella attacks as you move away!
The tarantella misses you. The culicivora completely misses you.
Unknown command.
You're too confused to move!
The culicivora bites you!
* * * LOW HITPOINT WARNING * * *
The culicivora draws strength from your injuries!
The tarantella touches you!
* * * LOW HITPOINT WARNING * * *
The pharaoh ant bites you!!
* * * LOW HITPOINT WARNING * * *
You feel drained.
* * * LOW HITPOINT WARNING * * *
The culicivora bites you!!
You die...

Skill      XL: |  1  2  3  4  5  6  7  8  9 10 11 12 13 14 15 16 17 18 19 |
---------------+----------------------------------------------------------+-----
Conjurations   | 6 7 8 9 10 12 13 14 15 16 17 18 | 18.7
Shields        | 1 2 3 4 |  4.0
Fighting       | 1 3 5 7 9 11 12 13 | 13.6
Spellcasting   | 3 4 5 6 7 8 10 11 12 | 12.8
Hexes          | 2 5 6 7 8 9 |  9.4
Dodging        | 4 6 7 8 10 11 13 14 15 | 15.0
Stealth        | 3 6 8 9 |  9.9
Invocations    | 4 5 6 7 |  7.0
Air Magic      | 1 5 6 7 9 |  9.1
Poison Magic   | 3 4 |  4.0
Ice Magic      | 1 5 |  5.0
Armour         | 2 5 |  5.0
Transmutations | 4 6 |  6.0

Action                   |  1- 3 |  4- 6 |  7- 9 | 10-12 | 13-15 | 16-18 | 19-21 || total
-------------------------+-------+-------+-------+-------+-------+-------+-------++-------
Melee: Dagger            |       |       |       |    14 |   136 |    20 |     2 ||   172
       Staff             |       |       |       |     7 |    21 |     9 |     2 ||    39
       Kick              |       |       |       |    11 |    86 |    15 |     2 ||   114
       Peck              |       |       |       |     4 |    47 |     6 |     1 ||    58
       Unarmed           |       |       |       |     3 |       |       |       ||     3
       Trident           |       |       |       |       |     2 |       |       ||     2
Throw: Boomerang         |       |       |    40 |     1 |       |       |       ||    41
 Cast: Magic Dart        |    77 |    72 |   131 |   143 |   296 |    84 |     5 ||   808
       Searing Ray       |     2 |    17 |    48 |   141 |   171 |    26 |       ||   405
       Fulminant Prism   |       |       |    20 |   123 |   163 |    62 |     4 ||   372
       Dazzling Flash    |       |       |     3 |     4 |    10 |     1 |     1 ||    19
       Slow              |       |       |       |    56 |    61 |    15 |     1 ||   133
       Iskenderun's Myst |       |       |       |    19 |    34 |     8 |       ||    61
       Mephitic Cloud    |       |       |       |     5 |    58 |     9 |     2 ||    74
       Freezing Cloud    |       |       |       |       |    60 |    22 |    31 ||   113
       Irradiate         |       |       |       |       |    11 |    97 |    33 ||   141
       Lightning Bolt    |       |       |       |       |   140 |   338 |    28 ||   506
       Orb of Destructio |       |       |       |       |       |   125 |    82 ||   207
Invok: Channel Magic     |       |       |       |     4 |     8 |     7 |     1 ||    20
Evoke: Wand              |       |       |     7 |     7 |    12 |     7 |       ||    33
       Phial of floods   |       |       |       |       |       |     2 |       ||     2
       Phantom mirror    |       |       |       |       |       |     2 |       ||     2
  Use: Scroll            |     2 |     5 |    10 |     9 |     8 |    14 |     4 ||    52
       Potion            |       |     1 |     1 |     2 |     4 |     9 |       ||    17
 Stab: Sleeping          |       |       |       |     1 |       |       |       ||     1
       Confused          |       |       |       |       |    17 |       |     1 ||    18
       Invisible         |       |       |       |       |     1 |     1 |       ||     2
Armor: Robe              |       |     3 |     8 |    10 |    49 |    69 |    23 ||   162
       Skin              |       |       |       |       |     2 |     6 |       ||     8
Dodge: Dodged            |    10 |    27 |    80 |   269 |   716 |   669 |   160 ||  1931
Block: Buckler           |       |     9 |    36 |    92 |   251 |   201 |    46 ||   635
       Reflection        |       |       |       |       |       |     2 |     1 ||     3

Levels and vault maps discovered:
D:1:      dpeg_arrival_orchard, layout_rooms, hellmonk_ecumenical_altar_blasted
D:2:      layout_loops_ring, minmay_increasing_density
D:3:      layout_loops_corners, mainiacjoe_overflow_catch_the_wave,
          serial_aquarium, aquarium_bridge_straight [aquarium_subvault_bridge,
          aquarium_subvault_wall, aquarium_subvault_bridge,
          aquarium_subvault_balcony], aquarium_bridge_square
          [aquarium_subvault_wall, aquarium_subvault_bridge,
          aquarium_subvault_bridge, aquarium_subvault_bridge],
          aquarium_window_2, aquarium_window_2, aquarium_window_corridor_2,
          aquarium_view_2c, aquarium_balcony_3a, aquarium_pool_side,
          minmay_parallelograms
D:4:      layout_basic, serial_shops, kennysheep_mini, serial_co_window_serial,
          co_window_of_opportunity_a, co_window_corner_a,
          co_window_of_opportunity_a, co_window_of_opportunity_a,
          co_window_paths_a, co_window_corner_b, co_window_corner_cb,
          co_window_paths_c, co_window_of_opportunity_b, co_window_broadway_c,
          co_window_4corner_b, glass_columns_b, glass_columns_a,
          glass_columns_b, glass_columns_a
D:5:      layout_cave_pools, serial_shops, nicolae_stop_n_shop_1, st_stairs_14,
          minmay_misc_feat_iff
D:6:      layout_basic, kennysheep_generic_room_11, uniq_edmund
D:7:      layout_rooms, makhleb_grotto_becter, temple_statues,
          gammafunk_ghost_arena, nicolae_ossuary_entry_catacombs,
          enter_bailey_1, st_stairs_1, uniq_duvessa
D:8:      layout_basic
D:9:      layout_stronghold, nicolae_ru_path_of_blood, minmay_lair_entry_grove,
          orc_0_dummy, uniq_grum, uniq_psyche
D:10:     layout_loops_ring, nicolae_shop_sticking_my_neck_out, uniq_lodul,
          uniq_harold
D:11:     layout_loops_ring, uniq_erica
D:12:     layout_rooms, hangedman_abyss_or_decor_clamps,
          hangedman_abyss_or_decor_stabs, nicolae_vehumet_altar_sigil
D:13:     layout_loops_ring
D:14:     layout_stronghold, skrybe_vaults_entry_preservation
D:15:     gammafunk_depths_entry_grave, layout_rooms, xom_redecorated,
          grunt_decor_clamped, grunt_ministairs_11,
          nicolae_yredelemnul_corpse_copse
Temple:   dpeg_five_rooms_temple
Lair:1:   layout_cave_pods, gammafunk_ghost_arena, lemuel_fruit_tree,
          grunt_megastairs_2
Lair:2:   layout_regular_city, uniq_fannar
Lair:3:   layout_cave_pods, palyth_hydra_swamp_entry,
          spider_nest_entry_funnel_web, nicolae_lair_grazing_beasts
          [nicolae_sub_lair_graze_edge, nicolae_sub_lair_graze_edge,
          nicolae_sub_lair_graze_edge, nicolae_sub_lair_graze_edge]
Lair:4:   layout_cave_pods
Lair:5:   gammafunk_lair_ancient_temple, layout_regular_city, slime_entry_1,
          gammafunk_ghost_cemetery, grunt_forest_stairs_basic,
          chequers_serial_rivers_micro_a, serial_bayou_lagoon_a
Swamp:1:  layout_basic_swamp, evilmike_swamp_ruin_rubble_1, swamp_pool3,
          nicolae_swamp_rocky_clearing, nicolae_swamp_well_well_well
Swamp:2:  layout_basic_swamp, serial_swamp_ruin, evilmike_swamp_ruin_house_5,
          evilmike_swamp_ruin_house_3
Swamp:3:  layout_basic_swamp, infiniplex_staircase_pool_2, swamp_pool4,
          uniq_mlioglotl, uniq_roxanne
Swamp:4:  swamp, layout_basic_swamp, gammafunk_ghost_grave,
          infiniplex_staircase_pool, uniq_nikola
Spider:1: gammafunk_boulding_lane, worms_lemuel, uniq_jorgrun
Spider:2: nicolae_spider_mines_2, uniq_arachne
Spider:3: layout_spider_delve, drop_trap, nicolae_spider_stair_cavern,
          hangedman_spider_tarantella_strand, uniq_aizul
Spider:4: spider_rune_water, nicolae_spider_checkerboard
Orc:1:    layout_caves, nicolae_alphabet_shops, nicolae_alphabet_shops,
          minmay_orc_temple_b, uniq_urug
Orc:2:    grunt_orc_cross, layout_caves, basic_altar, mines3_lemuel, uniq_nessos

Notes
Turn   | Place    | Note
-------+----------+-------------------------------------------
     0 | D:1      | quinnr the Tengu Conjurer began the quest for the Orb.
     0 | D:1      | Reached XP level 1. HP: 10/10 MP: 4/4
   255 | D:1      | Reached XP level 2. HP: 15/15 MP: 4/6
   283 | D:1      | Reached skill level 6 in Conjurations
   351 | D:1      | Found a faded altar of an unknown god.
   600 | D:1      | Learned a level 2 spell: Searing Ray
   641 | D:1      | Reached XP level 3. HP: 19/19 MP: 3/7
  1798 | D:2      | Reached XP level 4. HP: 24/24 MP: 3/8
  1906 | D:2      | Reached skill level 1 in Shields
  2188 | D:2      | Reached skill level 7 in Conjurations
  2389 | D:3      | Found a shimmering blue altar of Sif Muna.
  2553 | D:3      | Gained mutation: Your magical nature lets you fly swiftly
                  | and evasively. [Tengu growth]
  2553 | D:3      | Reached XP level 5. HP: 26/28 MP: 0/9
  2686 | D:3      | Found a blossoming altar of Fedhas.
  2750 | D:3      | Became a worshipper of Sif Muna the Loreminder
  3730 | D:4      | Reached skill level 1 in Fighting
  4055 | D:4      | Reached skill level 2 in Shields
  4124 | D:4      | Noticed a water moccasin
  4130 | D:4      | Reached * piety under Sif Muna
  4131 | D:4      | Reached skill level 3 in Spellcasting
  4139 | D:4      | Killed a water moccasin
  4140 | D:4      | Reached skill level 8 in Conjurations
  4140 | D:4      | Reached XP level 6. HP: 34/34 MP: 7/11
  4386 | D:4      | Found Amuunem's Assorted Antiques.
  4389 | D:4      | Bought a pair of gloves for 67 gold pieces
  4394 | D:4      | Bought a scroll labelled XIT UDGHUST for 15 gold pieces
  4394 | D:4      | Bought a scroll labelled FAOMEGOCERR for 15 gold pieces
  4394 | D:4      | Bought a clear potion for 13 gold pieces
  4394 | D:4      | Bought an encrusted lead wand for 60 gold pieces
  4594 | D:5      | Entered Level 5 of the Dungeon
  4604 | D:4      | Reached skill level 3 in Shields
  4782 | D:4      | Learned a level 3 spell: Dazzling Flash
  4789 | D:4      | Learned a level 4 spell: Fulminant Prism
  4921 | D:5      | Reached XP level 7. HP: 38/38 MP: 6/12
  5063 | D:5      | Reached skill level 4 in Shields
  5198 | D:5      | Reached skill level 9 in Conjurations
  5223 | D:5      | Found Nekhuf's Weapon Shoppe.
  5352 | D:5      | Reached skill level 1 in Hexes
  5564 | D:5      | Reached skill level 2 in Hexes
  5938 | D:5      | Noticed a vampire mosquito
  6062 | D:5      | Reached XP level 8. HP: 43/43 MP: 8/13
  6303 | D:4      | Reached skill level 3 in Hexes
  6375 | D:4      | Reached skill level 10 in Conjurations
  6623 | D:5      | Reached skill level 4 in Hexes
  7043 | D:6      | Reached skill level 5 in Hexes
  7043 | D:6      | Reached XP level 9. HP: 47/47 MP: 6/14
  7098 | D:6      | Reached skill level 11 in Conjurations
  7304 | D:6      | Reached ** piety under Sif Muna
  7993 | D:6      | Reached skill level 2 in Fighting
  8064 | D:6      | Noticed Edmund
  8080 | D:6      | Killed Edmund
  8081 | D:6      | Reached skill level 3 in Dodging
  8295 | D:6      | Reached skill level 3 in Stealth
  8602 | D:7      | Noticed a tengu conjurer
  8606 | D:7      | Noticed BuzzyBeetle's ghost (novice KoBr)
  8608 | D:7      | Found a transporter.
  8703 | D:7      | Found a flagged portal.
  8713 | Bailey   | Entered a bailey
  9125 | Bailey   | Reached skill level 4 in Spellcasting
  9207 | Bailey   | Reached skill level 3 in Fighting
  9346 | Bailey   | Identified a +0 crystal plate armour
  9358 | Bailey   | Reached skill level 4 in Dodging
  9358 | Bailey   | Reached skill level 12 in Conjurations
  9358 | Bailey   | Reached XP level 10. HP: 56/56 MP: 1/17
  9511 | Bailey   | Reached skill level 4 in Stealth
  9657 | Bailey   | Identified a +0 crystal plate armour
 10978 | Bailey   | Reached skill level 6 in Hexes
 11089 | Bailey   | Reached skill level 5 in Dodging
 11275 | D:7      | Reached skill level 5 in Stealth
 11275 | D:7      | Reached skill level 5 in Spellcasting
 11337 | D:7      | Reached *** piety under Sif Muna
 11386 | D:7      | Noticed Dowan
 11519 | D:7      | Noticed Duvessa
 11533 | D:7      | Killed Dowan
 11533 | D:7      | Killed Duvessa
 11685 | D:7      | Found a transporter.
 11791 | D:7      | Found a staircase to the Ecumenical Temple.
 11794 | D:7      | Learned a level 1 spell: Slow
 11799 | D:7      | Learned a level 4 spell: Iskenderun's Mystic Blast
 11819 | D:7      | Found a burning altar of Makhleb.
 11842 | Temple   | Entered the Ecumenical Temple
 12989 | D:8      | Reached skill level 6 in Dodging
 13524 | D:9      | Found a sacrificial altar of Ru.
 13870 | D:9      | Reached skill level 6 in Stealth
 13894 | D:9      | Found a staircase to the Orcish Mines.
 13952 | D:9      | Reached XP level 11. HP: 60/60 MP: 1/20
 14090 | D:9      | Reached skill level 1 in Invocations
 14123 | D:9      | Noticed Grum
 14130 | D:9      | Killed Grum
 14308 | D:9      | Reached skill level 6 in Spellcasting
 14421 | D:9      | Noticed Psyche
 14428 | D:9      | Killed Psyche
 14643 | D:9      | Reached **** piety under Sif Muna
 14644 | D:9      | Reached skill level 2 in Invocations
 14834 | D:9      | Found a staircase to the Lair.
 15642 | D:10     | Entered Level 10 of the Dungeon
 15642 | D:10     | Noticed Lodul
 15643 | D:10     | Noticed a two-headed ogre
 15667 | D:9      | Reached skill level 7 in Dodging
 15682 | D:9      | Killed Lodul
 15683 | D:9      | Reached skill level 7 in Stealth
 15683 | D:9      | Reached skill level 7 in Hexes
 16103 | D:10     | Reached skill level 3 in Invocations
 16477 | D:10     | Reached skill level 13 in Conjurations
 17036 | D:10     | Reached skill level 4 in Invocations
 17051 | D:10     | Noticed Harold
 17132 | D:10     | Reached skill level 8 in Stealth
 17250 | D:10     | Killed a two-headed ogre
 17411 | D:10     | Found Xehist's Neck Hole.
 17812 | D:10     | Learned a level 3 spell: Mephitic Cloud
 17868 | D:11     | Noticed a two-headed ogre
 17878 | D:11     | Killed a two-headed ogre
 17879 | D:11     | Reached skill level 1 in Air Magic
 17879 | D:11     | Reached XP level 12. HP: 64/64 MP: 7/22
 18179 | D:11     | Noticed Erica
 18198 | D:11     | Killed Erica
 18199 | D:11     | Reached skill level 1 in Poison Magic
 18466 | D:11     | Noticed a two-headed ogre
 18476 | D:11     | Killed a two-headed ogre
 18477 | D:11     | Reached skill level 2 in Air Magic
 19319 | D:10     | Killed Harold
 19320 | D:10     | Reached skill level 2 in Poison Magic
 19360 | D:12     | Reached skill level 4 in Fighting
 19360 | D:12     | Reached skill level 3 in Air Magic
 19360 | D:12     | Reached skill level 5 in Invocations
 19637 | D:11     | Reached skill level 14 in Conjurations
 20388 | D:11     | Reached skill level 4 in Air Magic
 20474 | D:11     | Reached skill level 3 in Poison Magic
 20776 | D:12     | Noticed a centaur warrior
 21116 | D:11     | Reached skill level 8 in Dodging
 21123 | D:11     | Learned a level 5 spell: Freezing Cloud
 21420 | D:12     | Noticed a centaur warrior
 21621 | D:12     | Noticed an eight-headed hydra
 21922 | Lair:1   | Entered Level 1 of the Lair of Beasts
 21929 | Lair:1   | Found a transporter.
 21931 | Lair:1   | Noticed Spectrina's ghost (novice DEMo)
 21933 | Lair:1   | Found a transporter.
 22113 | Lair:1   | Reached skill level 1 in Ice Magic
 22182 | Lair:1   | Reached skill level 7 in Spellcasting
 22254 | Lair:1   | Noticed a seven-headed hydra
 22296 | Lair:1   | Reached skill level 5 in Fighting
 22308 | Lair:1   | Killed a seven-headed hydra
 22309 | Lair:1   | Reached skill level 5 in Air Magic
 22871 | Lair:1   | Reached XP level 13. HP: 72/72 MP: 16/24
 23477 | Lair:1   | Reached skill level 4 in Poison Magic
 23777 | Lair:2   | Reached skill level 2 in Ice Magic
 24487 | Lair:1   | Reached skill level 6 in Air Magic
 24973 | Lair:2   | Reached skill level 3 in Ice Magic
 25049 | Lair:2   | Reached skill level 6 in Fighting
 25050 | Lair:2   | Reached skill level 9 in Dodging
 26423 | Lair:2   | Reached skill level 8 in Spellcasting
 26433 | Lair:2   | Noticed Fannar
 26635 | Lair:2   | Killed Fannar
 27016 | Lair:2   | Reached skill level 4 in Ice Magic
 27807 | Lair:3   | Reached ***** piety under Sif Muna
 28256 | Lair:3   | Reached skill level 7 in Fighting
 29082 | Lair:2   | Reached skill level 10 in Dodging
 29533 | Lair:3   | Found a staircase to the Swamp.
 29600 | Lair:3   | Reached skill level 1 in Armour
 29600 | Lair:3   | Reached skill level 5 in Ice Magic
 29866 | Lair:3   | Reached skill level 2 in Armour
 29866 | Lair:3   | Reached XP level 14. HP: 82/82 MP: 10/27
 30253 | Lair:3   | Reached skill level 3 in Armour
 30623 | Lair:3   | Learned a level 5 spell: Irradiate
 30824 | Lair:3   | Found a hole to the Spider Nest.
 30833 | Lair:3   | Received a gift from Sif Muna
 31554 | Lair:4   | Reached skill level 9 in Spellcasting
 32066 | Lair:4   | Reached skill level 4 in Armour
 32066 | Lair:4   | Reached skill level 1 in Transmutations
 32587 | Lair:5   | Entered Level 5 of the Lair of Beasts
 32803 | Lair:5   | Reached skill level 8 in Fighting
 32996 | Lair:5   | Found a staircase to the Slime Pits.
 32997 | Lair:5   | Found a viscous altar of Jiyva.
 33211 | Lair:5   | Reached skill level 5 in Armour
 33360 | Lair:5   | Reached skill level 2 in Transmutations
 34707 | Lair:5   | Reached skill level 15 in Conjurations
 34908 | Lair:5   | Found a runed translucent gate.
 34909 | Lair:5   | Found a runed translucent gate.
 34910 | Lair:5   | Found a runed translucent gate.
 34937 | Lair:5   | Reached skill level 3 in Transmutations
 35272 | Lair:5   | Identified the ring of Edaypt {Fly rF+}
 35281 | Lair:5   | Identified the +5 trident of World's End {freeze, +Blink
                  | rF+ rN+ Int+2}
 35499 | Lair:5   | Noticed Adrian566's ghost (journeyman DsFi)
 35499 | Lair:5   | Noticed ebering's ghost (journeyman BaTm)
 35837 | Lair:1   | Killed Spectrina's ghost
 36098 | D:7      | Identified 2 scrolls of acquirement
 36098 | D:7      | Acquired a ring of resist corrosion
 36099 | D:7      | Acquired the ring "Wuadau Jucoe" {rElec rF++ Will+}
 36112 | D:7      | Killed BuzzyBeetle's ghost
 36287 | D:4      | Bought a scroll of teleportation for 45 gold pieces
 36287 | D:4      | Bought a wand of roots (4) for 144 gold pieces
 36397 | Orc:1    | Entered Level 1 of the Orcish Mines
 36397 | Orc:1    | Found Rutrorchi's Retail Resort.
 36475 | Orc:2    | Entered Level 2 of the Orcish Mines
 36725 | Orc:1    | Noticed Urug
 36751 | Orc:1    | Killed Urug
 36905 | Orc:1    | Reached skill level 9 in Fighting
 37159 | Orc:1    | Found Salav's Superlative Supplies.
 37168 | Orc:1    | Bought a ring of see invisible for 180 gold pieces
 39096 | Orc:2    | Reached skill level 10 in Spellcasting
 39441 | Orc:2    | Found a staircase to the Elven Halls.
 39504 | Orc:2    | Reached skill level 4 in Transmutations
 39534 | Orc:2    | Reached XP level 15. HP: 90/90 MP: 6/30
 39681 | Orc:2    | Noticed Nessos
 39693 | Orc:2    | Killed Nessos
 40331 | Orc:2    | Found a shimmering altar of Xom.
 40344 | Orc:2    | Noticed Nergalle
 40348 | Orc:2    | Noticed an orc warlord
 40376 | Orc:2    | Killed Nergalle
 40423 | Orc:2    | Killed an orc warlord
 40466 | Orc:2    | Reached skill level 16 in Conjurations
 40760 | Orc:2    | Received a gift from Sif Muna
 40764 | Orc:2    | Got Sif Muna's Incunabulum of Conflict {god gift}
 40771 | Orc:2    | Learned a level 5 spell: Lightning Bolt
 40887 | Orc:2    | Found Qaydaito's Jewellery Shop.
 40907 | Orc:2    | Found Movyj's General Store.
 40915 | Orc:2    | Bought a scroll of identify for 30 gold pieces
 40933 | Orc:2    | Found Kacur's Antique Weapon Shop.
 40947 | Orc:2    | Found Roskemy's Antique Armour Shop.
 41476 | D:11     | Reached skill level 5 in Transmutations
 41706 | D:12     | Found a radiant altar of Vehumet.
 42325 | D:12     | Reached skill level 10 in Fighting
 43426 | D:13     | Reached skill level 6 in Transmutations
 47268 | D:14     | Reached skill level 11 in Dodging
 47964 | D:14     | Found a gate to the Vaults.
 48121 | D:15     | Entered Level 15 of the Dungeon
 48126 | D:15     | Reached skill level 11 in Fighting
 48266 | D:15     | Identified a potion of resistance
 48268 | D:15     | Identified a potion of experience
 48432 | D:15     | Identified the +5 dagger of Dolug {freeze, *Corrode Int+5
                  | Dex+7}
 48727 | D:15     | Reached skill level 11 in Spellcasting
 48900 | D:15     | Reached XP level 16. HP: 100/100 MP: 21/32
 49188 | D:15     | Reached skill level 13 in Dodging
 49188 | D:15     | Reached XP level 17. HP: 104/104 MP: 33/33
 49234 | D:15     | HP: 5/104 [spark wasp zombie (18)]
 50789 | D:15     | Found a shimmering altar of Xom.
 50789 | D:15     | Found a shimmering altar of Xom.
 50789 | D:15     | Found a shimmering altar of Xom.
 50790 | D:15     | Found a shimmering altar of Xom.
 50790 | D:15     | Found a shimmering altar of Xom.
 50791 | D:15     | Found a shimmering altar of Xom.
 50920 | D:15     | Found a staircase to the Depths.
 52430 | D:15     | Found a basalt altar of Yredelemnul.
 52924 | Spider:1 | Entered Level 1 of the Spider Nest
 54593 | Spider:1 | Noticed Jorgrun
 54601 | Spider:1 | Killed Jorgrun
 55712 | Lair:3   | Reached skill level 12 in Fighting
 56090 | Spider:1 | Received a gift from Sif Muna
 56436 | Spider:1 | Got Sif Muna's Parchment of Discontinuous Shapeshifting
                  | {god gift}
 56533 | Spider:1 | Found a transporter.
 56533 | Spider:1 | Found a transporter.
 58012 | Spider:1 | Reached skill level 17 in Conjurations
 58873 | Spider:2 | Reached skill level 8 in Hexes
 58874 | Spider:2 | Reached skill level 14 in Dodging
 59626 | Spider:1 | Reached skill level 12 in Spellcasting
 59808 | Spider:2 | Noticed Arachne
 61025 | Lair:3   | Learned a level 7 spell: Orb of Destruction
 61149 | Lair:3   | Killed Arachne
 62051 | Spider:1 | Reached XP level 18. HP: 78/112 MP: 19/35
 63957 | Spider:2 | Got the Grimoire of Metallic Left-Handed Deeds
 64342 | Spider:3 | Noticed Aizul
 64356 | Spider:2 | Killed Aizul
 67648 | Swamp:1  | Entered Level 1 of the Swamp
 70361 | Swamp:1  | Reached skill level 13 in Fighting
 70361 | Swamp:1  | Reached skill level 7 in Air Magic
 70871 | Swamp:2  | Got the Reference Book on Frore Pollution
 71141 | Swamp:2  | Identified the +8 chain mail of Past Mistakes {rC+ Int-3
                  | Dex+3}
 71239 | Swamp:2  | Reached skill level 18 in Conjurations
 71421 | Swamp:2  | Acquired 733 gold pieces
 72472 | Swamp:3  | Identified Roxanne's Commentary on Geology
 72472 | Swamp:3  | Noticed Roxanne
 73145 | Swamp:3  | Noticed Mlioglotl
 73456 | Swamp:2  | Killed Mlioglotl
 73842 | Swamp:3  | Reached skill level 9 in Stealth
 73996 | Swamp:3  | Reached skill level 9 in Hexes
 73996 | Swamp:3  | Reached skill level 6 in Invocations
 74341 | Swamp:3  | Reached skill level 15 in Dodging
 74895 | Swamp:3  | Killed Roxanne
 75046 | Swamp:4  | Entered Level 4 of the Swamp
 75198 | Swamp:4  | Noticed Nikola
 75733 | Swamp:4  | Reached XP level 19. HP: 119/119 MP: 13/36
 75895 | Swamp:4  | Reached skill level 8 in Air Magic
 76764 | Swamp:4  | Received a gift from Sif Muna
 76765 | Swamp:4  | Got Sif Muna's Commentary on Incandescent Iniquitous
                  | Liturgies {god gift}
 78306 | Swamp:4  | Found a runed translucent door.
 78307 | Swamp:4  | Noticed Hildebrand's ghost (adept MiBe)
 78509 | Swamp:4  | Killed Nikola
 80110 | Swamp:4  | Got a decaying rune of Zot
 80749 | Lair:5   | Killed Adrian566's ghost
 80842 | Lair:5   | Killed ebering's ghost
 80846 | Lair:5   | Gained mutation: Armour fits poorly on your strangely
                  | shaped body. [mutagenic glow]
 81088 | Spider:4 | Entered Level 4 of the Spider Nest
 81247 | Spider:4 | Reached skill level 9 in Air Magic
 82178 | Spider:4 | Reached skill level 7 in Invocations
 82242 | Spider:4 | Identified the +6 falchion of Copingoz {flame, MP+9}
 82313 | Spider:4 | HP: 7/120 [pharaoh ant (29)]
 82313 | Spider:4 | Mangled by a culicivora

Vanquished Creatures
  Nikola (Swamp:4)
  Arachne (Lair:3)
  Jorgrun (Spider:1)
  Mlioglotl (Swamp:2)
  2 thorn hunters
  Roxanne (Swamp:3)
  2 emperor scorpions
  Aizul (Spider:2)
  An orc warlord (Orc:2)
  The ghost of ebering the Fighter, a journeyman BaTm of Uskayaw (Lair:5)
  A broodmother (Spider:1)
  An ironbound preserver (D:14)
  Nessos (Orc:2)
  The ghost of Adrian566 the Carver, a journeyman DsFi (Lair:5)
  4 eleionomae
  An entropy weaver (Spider:3)
  2 spark wasps (Spider:4)
  5 bunyips
  A fire dragon (D:15)
  A shambling mangrove (Swamp:4)
  Fannar (Lair:2)
  4 catoblepae
  Harold (D:10)
  24 hydras
  A boulder beetle (D:13)
  A jorogumo (Spider:3)
  5 ghost crabs
  Erica (D:11)
  An ogre mage (D:15)
  A spriggan air mage (Swamp:4)
  9 centaur warriors
  A merfolk avatar (Lair:5)
  13 alligators
  7 two-headed ogres
  A death knight (D:15)
  A death scarab (Spider:1)
  An orc high priest (Orc:2)
  Urug (Orc:1)
  11 spriggans
  Nergalle (Orc:2)
  Lodul (D:9)
  The ghost of Spectrina the Pacifist, a novice DEMo of Elyvilon (Lair:1)
  6 skeletal warriors
  7 pharaoh ants
  3 goliath frogs
  A flayed ghost (D:15)
  A spark wasp zombie (D:15)
  A death drake (Swamp:1)
  11 swamp dragons
  5 bog bodies
  8 spriggan druids
  4 steelbarb worms
  8 orb spiders
  A necromancer (D:15)
  The ghost of BuzzyBeetle the Covert, a novice KoBr (D:7)
  2 harpies (Lair:5)
  6 orc knights
  A lindwurm (Lair:1)
  2 deep elf pyromancers
  An oklob plant (Orc:2)
  A sphinx zombie (D:15)
  8 cyclopes
  3 will-o-the-wisps
  2 orc sorcerers
  6 manticores
  3 wolf spider zombies (D:15)
  19 wolf spiders
  A sphinx skeleton (D:15)
  11 ugly things
  4 moths of wrath
  15 elephants
  3 black mambas
  5 centaur zombies (D:15)
  4 torpor snails
  2 gargoyles
  15 demonic crawlers
  8 cane toads
  3 rime drakes
  Psyche (D:9)
  10 komodo dragons
  A guardian mummy (D:15)
  4 tengu conjurers
  A freezing wraith (D:15)
  9 trolls
  3 polar bears
  3 wind drakes (Lair:5)
  2 bloated husks
  7 hornets
  4 tyrant leeches
  30 tarantellas
  10 slime creatures
  7 blink frogs
  3 meliai zombies (D:15)
  5 dream sheep (Lair:3)
  31 jumping spiders
  A spriggan skeleton (D:15)
  A snapping turtle (Lair:5)
  2 centaur simulacra
  2 shadows
  26 culicivoras
  8 wyverns
  43 yaks
  A yak (shapeshifter) (D:14)
  2 vampires
  4 wraiths
  Grum (D:9)
  5 steam dragons
  6 basilisks
  19 vampire mosquitoes
  33 redbacks
  A harpy simulacrum (D:15)
  Edmund (D:6)
  20 swamp worms
  3 wargs
  Duvessa (D:7)
  11 water moccasins
  37 orc warriors
  8 swamp drakes
  3 ice beasts
  3 hornet zombies (D:15)
  2 sky beasts
  3 black bears
  20 ogres
  5 boggarts (D:14)
  33 wolves
  23 centaurs
  A phantom (D:4)
  2 kobold brigands
  13 bullfrogs
  A gnoll sergeant (D:6)
  3 necrophages
  2 elf skeletons (D:7)
  8 scorpions
  Dowan (D:7)
  9 wights
  8 killer bees
  4 howler monkeys
  3 hounds
  4 jellies
  A gnoll bouda (D:5)
  25 orc priests
  5 iguanas
  A human skeleton (D:7)
  A boggart zombie (D:15)
  32 orc wizards
  A hell rat (Lair:1)
  9 gnolls
  12 adders
  2 white imps
  An ufetubus (D:5)
  A worm (D:2)
  2 dart slugs
  88 orcs
  5 endoplasms
  5 giant cockroaches
  10 goblins
  7 hobgoblins
  2 jackals
  10 quokkas
  8 ball pythons
  6 bats
  5 frilled lizards
  9 kobolds
  2 orc skeletons (D:7)
  An orc zombie (D:7)
  3 rats
  5 briar patches (Swamp:3)
  2 fulminant prisms
1079 creatures vanquished.

Vanquished Creatures (collateral kills)
  An entropy weaver (Spider:1)
  A redback (Spider:1)
  2 killer bees (D:7)
  A white imp (D:7)
5 creatures vanquished.

Vanquished Creatures (others)
  A bloated husk (Swamp:2)
  A swamp worm (Swamp:4)
  A briar patch (Swamp:3)
  4 bushes
  4 foxfires (Swamp:4)
  370 fulminant prisms
  68 fungi
  141 plants
  2 starspawn tentacles (Swamp:2)
  15 withered plants (D:15)
607 creatures vanquished.

Grand Total: 1691 creatures vanquished

Table legend: (Time is in decaauts)
 A = Elapsed time spent in this place.
 B = Non-inter-level travel time spent in this place.
 C = Inter-level travel time spent in this place.
 D = Time resting spent in this place.
 E = Time spent auto-exploring this place.
 F = Levels seen in this place.
 G = Mean time per level.
                   A        B        C        D        E       F      G
               +--------+--------+--------+--------+--------+-----+--------+
         Total |  80131 |  76293 |   3838 |  29632 |  35319 |  32 | 2504.1 |
       Dungeon |  30504 |  28907 |   1597 |   9703 |  14801 |  15 | 2033.6 |
        Temple |    261 |    216 |     45 |     23 |    175 |   1 |  261.0 |
          Lair |  16634 |  15810 |    824 |   5238 |   8083 |   5 | 3326.8 |
         Swamp |  12341 |  11859 |    482 |   6222 |   4215 |   4 | 3085.2 |
   Spider Nest |  13436 |  12727 |    709 |   6285 |   4797 |   4 | 3359.0 |
  Orcish Mines |   4472 |   4292 |    180 |    992 |   2444 |   2 | 2236.0 |
        Bailey |   2481 |   2481 |      0 |   1166 |    802 |   1 | 2481.0 |
               +--------+--------+--------+--------+--------+-----+--------+

Top non-repeatable levels by time:
Spider:1: 8076 daAuts
  Lair:3: 5772 daAuts
    D:11: 5205 daAuts
 Swamp:3: 4258 daAuts
  Lair:1: 4040 daAuts
    D:14: 3916 daAuts
 Swamp:1: 3390 daAuts
     D:9: 3356 daAuts
Spider:2: 3191 daAuts
  Lair:5: 2904 daAuts
    D:15: 2750 daAuts
  Bailey: 2481 daAuts
 Swamp:4: 2387 daAuts
  Lair:2: 2335 daAuts
 Swamp:2: 2303 daAuts

Table legend:
 A = Non-vault XP
 B = Vault XP
 C = Vault XP percentage of total XP
 D = Non-vault monster count
 E = Vault monster count
 F = Vault count percentage of total count
                 A         B        C        D         E       F
            +---------+---------+-------+---------+---------+-------
      Total |  216660 |   91210 |  29.6 |     800 |     278 |  25.8
            +---------+---------+-------+---------+---------+-------
        D:1 |      38 |       0 |   0.0 |      23 |       0 |   0.0
        D:2 |      32 |      29 |  47.5 |      10 |      10 |  50.0
        D:3 |      75 |       0 |   0.0 |      13 |       0 |   0.0
        D:4 |     749 |       0 |   0.0 |      28 |       0 |   0.0
        D:5 |    1254 |      83 |   6.2 |      28 |       1 |   3.4
        D:6 |    1256 |     169 |  11.9 |      28 |       1 |   3.4
        D:7 |    1273 |    1690 |  57.0 |      20 |      16 |  44.4
        D:8 |     751 |       0 |   0.0 |      14 |       0 |   0.0
        D:9 |    2306 |    3658 |  61.3 |      18 |      22 |  55.0
       D:10 |    3415 |    1335 |  28.1 |      23 |       5 |  17.9
       D:11 |    9297 |     839 |   8.3 |      37 |       1 |   2.6
       D:12 |    6088 |       0 |   0.0 |      14 |       0 |   0.0
       D:13 |    6310 |       0 |   0.0 |      21 |       0 |   0.0
       D:14 |   17763 |    4339 |  19.6 |      33 |       9 |  21.4
       D:15 |   12109 |   11718 |  49.2 |      28 |      27 |  49.1
     Lair:1 |    8009 |    1800 |  18.4 |      38 |       6 |  13.6
     Lair:2 |    8412 |    2691 |  24.2 |      38 |       4 |   9.5
     Lair:3 |    6094 |    7253 |  54.3 |      21 |      12 |  36.4
     Lair:4 |    1366 |       0 |   0.0 |       3 |       0 |   0.0
     Lair:5 |    8744 |    8690 |  49.8 |      30 |      18 |  37.5
    Swamp:1 |   15110 |       0 |   0.0 |      28 |       0 |   0.0
    Swamp:2 |    8776 |    1764 |  16.7 |      17 |       1 |   5.6
    Swamp:3 |   13460 |    1382 |   9.3 |      25 |       1 |   3.8
    Swamp:4 |   17507 |   20724 |  54.2 |      32 |      29 |  47.5
   Spider:1 |   27500 |    6239 |  18.5 |      75 |      13 |  14.8
   Spider:2 |   15571 |    3770 |  19.5 |      46 |       8 |  14.8
   Spider:3 |    9292 |     265 |   2.8 |      23 |       1 |   4.2
   Spider:4 |    9159 |       0 |   0.0 |      20 |       0 |   0.0
      Orc:1 |    3940 |    1114 |  22.0 |      43 |      15 |  25.9
      Orc:2 |    1004 |    9388 |  90.3 |      23 |      39 |  62.9
     Bailey |       0 |    2270 | 100.0 |       0 |      39 | 100.0
            +---------+---------+-------+---------+---------+-------
